 Dungeon Crawl Stone Soup version 0.19.1 (webtiles) character file.

611 loralnil the Chopper (level 7, -1/57 HPs)
             Began as a Vine Stalker Berserker on Dec 6, 2016.
             Was a Priest of Trog.
             Killed from afar by Dowan (11 damage)
             ... with a stone arrow
             ... on level 5 of the Dungeon.
             The game lasted 00:07:56 (3546 turns).

loralnil the Chopper (Vine Stalker Berserker)       Turns: 3546, Time: 00:07:57

Health: -1/57      AC:  5    Str: 26    XL:     7   Next: 44%
Magic:  0/17       EV: 13    Int:  7    God:    Trog [***...]
Gold:   165        SH:  0    Dex: 14    Spells: 0 memorised, 6 levels left

rFire  . . .     SeeInvis +     a - +0 hand axe
rCold  . . .     Gourm    .     j - +0 robe
rNeg   . . .     Faith    .     (no shield)
rPois  .         Spirit   +     (no helmet)
rElec  .         Reflect  .     w - +0 cloak
rCorr  .         Harm     .     y - +0 pair of gloves
MR     .....                    o - +0 pair of boots
Stlth  ..........               (no amulet)
                                q - ring of see invisible
                                k - ring of magical power

@: berserking, very quick
A: fangs 2, regeneration 1, magic shield, antimagic bite, no device heal 3, rot
immunity
a: Berserk, Trog's Hand, Burn Spellbooks, Renounce Religion


You were on level 5 of the Dungeon.
You worshipped Trog.
Trog was most pleased with you.
You were very hungry.

You visited 1 branch of the dungeon, and saw 5 of its levels.

You collected 165 gold pieces.

Inventory:

Hand Weapons
 a - a +0 hand axe (weapon)
Armour
 j - a +0 robe (worn)
 o - a +0 pair of boots (worn)
 w - a +0 cloak (worn)
 y - a +0 pair of gloves (worn)
Jewellery
 k - a ring of magical power (left hand)
 q - a ring of see invisible (right hand)
Scrolls
 e - 2 scrolls of remove curse
 g - a scroll of recharging
 l - a scroll of blinking {unknown}
 n - a scroll of enchant weapon {unknown}
 r - 3 scrolls of noise {unknown}
 t - a scroll of magic mapping {unknown}
 x - a scroll of enchant armour {unknown}
Potions
 b - a potion of beneficial mutation {unknown}
 d - a potion of haste {unknown}
 f - a potion of lignification {unknown}
 h - a potion of magic {unknown}
 i - a potion of cure mutation {unknown}
 p - a potion of cancellation {unknown}
 s - a potion of flight {unknown}
 v - a potion of invisibility {unknown}
 z - 2 potions of curing {unknown}
 B - a potion of degeneration {unknown}
Comestibles
 c - 4 bread rations
 m - 2 meat rations
 u - a slice of pizza
 A - 2 fruits


   Skills:
 + Level 4.4 Fighting
 + Level 5.6 Axes
 + Level 1.8 Armour
 + Level 3.4 Dodging


You had 6 spell levels left.
You didn't know any spells.

Dungeon Overview and Level Annotations

Branches:
Dungeon (5/15)             Temple (0/1) D:5

Altars:
Gozag
Trog

Annotations:
D:5 Dowan


Innate Abilities, Weirdness & Mutations

You have extremely sharp teeth.
Your natural rate of healing is unusually fast.
When hurt, damage is shared between your health and your magic reserves.
Your bite disrupts and absorbs the magic of your enemies.
Potions and wands cannot restore your health.
You are immune to rotting.


Message History

You closely miss Duvessa.
Duvessa is severely wounded.
You completely miss Dowan. You hit Duvessa.
Duvessa is almost dead.
You hit Dowan.
Dowan points at you and mumbles some strange words.
The puff of frost misses you.
Duvessa hits you with a vampiric short sword.
* * * LOW HITPOINT WARNING * * *
Duvessa draws strength from your wounds!
You slash Duvessa!
You kill Duvessa!
Trog accepts your kill.
Dowan screams, "No!
No!"
Dowan seems to find hidden reserves of power!
You hit Dowan. Dowan casts a spell at you. The stone arrow hits you!
You die...

###.
#...
#...
#...
#...
#..##
#.e)##
#[.@.#
##.?.##
##...##
##...##
###..##
##..##
##..##
##..##
##..##


You could see Dowan.

Vanquished Creatures
  Duvessa (D:5)
  A phantom (D:4)
  A centaur (D:5)
  2 hounds (D:4)
  Ijyb (D:2)
  Jessica (D:2)
  2 worker ants (D:4)
  2 orc wizards (D:4)
  2 adders
  An ooze (D:4)
  An adder skeleton (D:4)
  4 worms
  2 dart slugs
  3 leopard geckos
  7 orcs
  2 ball pythons
  8 bats
  6 giant cockroaches
  8 goblins
  6 hobgoblins
  4 quokkas
  4 frilled lizards
  7 kobolds
  A leopard gecko zombie (D:5)
  5 rats
82 creatures vanquished.

Notes
Turn   | Place    | Note
-------+----------+-------------------------------------------
     0 | D:1      | loralnil the Vine Stalker Berserker began the quest for the Orb.
     0 | D:1      | Reached XP level 1. HP: 11/11 MP: 2/2
   250 | D:1      | Reached XP level 2. HP: 16/16 MP: 3/3
   441 | D:1      | Reached skill level 3 in Axes
   533 | D:1      | Reached ** piety under Trog
   803 | D:1      | Reached XP level 3. HP: 16/20 MP: 4/4
  1322 | D:2      | Noticed Ijyb
  1338 | D:2      | Killed Ijyb
  1338 | D:2      | Gained mutation: Your natural rate of healing is unusually fast. [Vine Stalker growth]
  1338 | D:2      | Reached XP level 4. HP: 17/24 MP: 5/5
  1615 | D:2      | Noticed Jessica
  1624 | D:2      | Killed Jessica
  1835 | D:2      | Reached XP level 5. HP: 28/28 MP: 6/6
  2117 | D:3      | Found an opulent altar of Gozag.
  2567 | D:3      | Reached *** piety under Trog
  2692 | D:4      | Reached skill level 4 in Axes
  2798 | D:4      | Reached XP level 6. HP: 30/33 MP: 7/7
  2835 | D:4      | Found a bloodstained altar of Trog.
  3166 | D:4      | Noticed a phantom
  3199 | D:4      | Killed a phantom
  3199 | D:4      | Reached skill level 5 in Axes
  3362 | D:5      | Entered Level 5 of the Dungeon
  3396 | D:5      | Found a staircase to the Ecumenical Temple.
  3413 | D:5      | Reached XP level 7. HP: 25/37 MP: 8/8
  3529 | D:5      | Noticed Duvessa
  3530 | D:5      | Noticed Dowan
  3546 | D:5      | Killed Duvessa
  3546 | D:5      | Killed from afar by Dowan

Skill      XL: |  1  2  3  4  5  6 |
---------------+-------------------+-----
Fighting       | 3 4 |  4.4
Axes           | 3 4 5 |  5.6
Dodging        | 2 3 |  3.4
Armour         | |  1.8

Action                   |  1- 3 |  4- 6 |  7- 9 || total
-------------------------+-------+-------+-------++-------
Melee: Hand axe          |    95 |   176 |    13 ||   284
       Bite              |    27 |    56 |     5 ||    88
Invok: Berserk           |     1 |       |     1 ||     2
       Burn Spellbooks   |       |     1 |       ||     1
       Trog's Hand       |       |       |     1 ||     1
  Use: Scroll            |       |     2 |       ||     2
 Stab: Sleeping          |       |     2 |       ||     2
  Eat: Fruit             |     1 |       |       ||     1
       Chunk             |       |     7 |       ||     7
       Beef jerky        |       |     1 |       ||     1
Armor: Animal skin       |     8 |       |       ||     8
       Robe              |    15 |    32 |     5 ||    52
Dodge: Dodged            |    74 |   126 |     4 ||   204
